 Dungeon Crawl Stone Soup version bcrawl-1.18.1 (webtiles) character file.

Game seed: 10514023670204873527

171 Freyura the Skirmisher (level 5, 0/41 HPs)
             Began as a Demonspawn Fighter on Nov 13, 2019.
             Succumbed to Ijyb's poison
             ... on level 3 of the Dungeon.
             The game lasted 00:06:06 (2089 turns).

Freyura the Skirmisher (Demonspawn Fighter)         Turns: 2089, Time: 00:06:07

Health: 0/41       AC:  0    Str: 16    XL:     5   Next: 26%
Magic:  5/5        EV: 14    Int:  9    God:
Gold:   269        SH:  0    Dex: 14    Spells: 4/4 levels left

rFire    . . .     SeeInvis .   (weapon currently unavailable)
rCold    . . .     Gourm    .   (shield currently unavailable)
rNeg     . . .     Faith    .   (armour currently unavailable)
rPois    .         Spirit   .   (helmet currently unavailable)
rElec    .         Reflect  .   (cloak currently unavailable)
rCorr    .         Harm     .   (gloves currently unavailable)
MR       .....                  (boots currently unavailable)
Stlth    +.........             (no amulet)
HPRegen  0.13/turn              (ring currently unavailable)
MPRegen  0.09/turn              (ring currently unavailable)

@: lethally poisoned (0 -> -32), pig-form, very quick
A: small, powered by pain 1
a: no special abilities


You were on level 3 of the Dungeon.
You were not hungry.
You were a filthy swine.
You visited 1 branch of the dungeon, and saw 3 of its levels.

You collected 269 gold pieces.

Inventory:

Hand Weapons
 a - a +0 long sword (melded)
Armour
 c - a +0 shield
 i - a +0 chain mail (melded)
 o - a +1 buckler of cold resistance (melded)
 t - a +0 helmet (melded)
Jewellery
 e - a ring of positive energy (melded)
 m - an uncursed amulet of the gourmand {unknown}
Scrolls
 d - a scroll of fear {unknown}
 h - a scroll of immolation {unknown}
 j - a scroll of enchant armour {unknown}
 k - 5 scrolls of teleportation {unknown}
 n - a scroll of remove curse {unknown}
 p - a scroll of noise {unknown}
 q - a scroll of magic mapping {unknown}
 u - 2 scrolls of identify {unknown}
Potions
 b - 2 potions of mutation {unknown}
 g - a potion of heal wounds {unknown}
 l - 5 potions of haste {unknown}
 r - a potion of lignification {unknown}
 s - a potion of might
 v - a potion of flight {unknown}
 x - a potion of cancellation {unknown}
 z - a potion of degeneration {unknown}
 A - a potion of curing {unknown}
Comestibles
 f - 2 rations {!d}


   Skills:
 + Level 3.6 Fighting
 * Level 3.2 Long Blades
 + Level 3.3 Armour
 + Level 1.5 Dodging
 + Level 3.2 Shields


You had 4 spell levels left.
You didn't know any spells.
Your spell library was empty.

Dungeon Overview and Level Annotations

Branches:
Dungeon (3/12)

Altars:
Gozag
Ru
Wu Jian

Annotations:
D:3 Ijyb


Innate Abilities, Weirdness & Mutations

You sometimes gain a little power by taking damage.
((Your movements are slightly less encumbered by armour. (ER -2)))


Message History

You are more poisoned.
You hit Ijyb but do no damage.
Ijyb is heavily wounded.
* * * LOW HITPOINT WARNING * * *
You feel sick.
Ijyb hits you with a +0 dagger of venom.
* * * LOW HITPOINT WARNING * * *
You are more poisoned.
You closely miss Ijyb.
Ijyb is heavily wounded.
* * * LOW HITPOINT WARNING * * *
You feel very sick. Ijyb closely misses you.
You hit Ijyb.
Ijyb is severely wounded.
* * * LOW HITPOINT WARNING * * *
You feel sick.
You closely miss Ijyb.
Ijyb is severely wounded.
You die...

##.....#...
##%.........
#...........
#...........
#####..<....%...
#.........(.....
#.>............?
#.......hg......
#.....#.......##
#.....#########
#.....# # . ^.
###..####.#...#
#.#####
######.)......#
......
#.....#####.#...#
#...)
#.#.#.)#..#### .
#....
#.._...#.....##
#....


You could see Ijyb.

Vanquished Creatures
  Jessica (D:2)
  Terence (D:3)
  2 adders (D:3)
  2 oozes
  3 worms
  2 dart slugs (D:1)
  5 leopard geckos
  7 orcs (D:3)
  3 giant cockroaches
  8 goblins
  11 hobgoblins
  9 kobolds
  2 quokkas (D:2)
  4 bats (D:1)
  7 frilled lizards
  3 rats
70 creatures vanquished.

Notes
Turn   | Place    | Note
-------+----------+-------------------------------------------
     0 | D:1      | Freyura the Demonspawn Fighter began the quest for the Orb.
     0 | D:1      | Reached XP level 1. HP: 18/18 MP: 1/1
   182 | D:1      | Gained mutation: Your movements are slightly less
                  | encumbered by armour. (ER -2) [demonic ancestry]
   182 | D:1      | Reached XP level 2. HP: 24/24 MP: 2/2
   346 | D:1      | Gained mutation: You sometimes gain a little power by
                  | taking damage. [demonic ancestry]
   346 | D:1      | Reached XP level 3. HP: 29/29 MP: 3/3
   703 | D:2      | Found a sacrificial altar of Ru.
   724 | D:2      | Reached skill level 1 in Dodging
   816 | D:2      | Noticed Jessica
   836 | D:2      | Killed Jessica
   836 | D:2      | Reached XP level 4. HP: 22/35 MP: 4/4
  1145 | D:2      | Found an opulent altar of Gozag.
  1566 | D:3      | Noticed Terence
  1576 | D:3      | Killed Terence
  1576 | D:3      | Reached XP level 5. HP: 33/41 MP: 5/5
  1996 | D:3      | Found an ornate altar of the Wu Jian Council.
  2015 | D:3      | Noticed Ijyb
  2089 | D:3      | Succumbed to Ijyb's poison

Skill      XL: |  1  2  3  4 |
---------------+-------------+-----
Long Blades    | 2 3 |  3.2
Armour         | 3 |  3.3
Shields        | 3 |  3.2
Dodging        | 1 |  1.5
Fighting       | |  3.6

Action                   |  1- 3 |  4- 6 || total
-------------------------+-------+-------++-------
Melee: Long sword        |   117 |   111 ||   228
       Unarmed           |       |    15 ||    15
  Use: Potion            |       |     1 ||     1
  Eat: Chunk             |       |     4 ||     4
Armor: Scale mail        |     9 |       ||     9
       Chain mail        |    52 |    52 ||   104
Dodge: Dodged            |    28 |    34 ||    62
Block: Shield            |    66 |       ||    66
       Buckler           |       |    35 ||    35
